 Dungeon Crawl Stone Soup version 0.27-a0-1193-g8631133539 (webtiles) character file.

Game seed: 4406122006520525693

25 dduke234 the Skirmisher (level 2, -2/27 HPs)
             Began as a Draconian Monk on May 26, 2021.
             Frozen to death by an endoplasm (4 damage)
             ... on level 1 of the Dungeon on Aug 10, 2021.
             The game lasted 00:03:37 (1047 turns).

dduke234 the Skirmisher (Draconian Monk)            Turns: 1047, Time: 00:03:38

Health: -2/27      AC:  4    Str: 13    XL:     2   Next: 82%
Magic:  2/2        EV: 12    Int: 10    God:
Gold:   72         SH:  0    Dex: 13    Spells: 1/1 levels left

rFire    . . .     SeeInvis .   a - +0 mace
rCold    . . .     Faith    .   (no shield)
rNeg     . . .     Spirit   .   (armour unavailable)
rPois    .         Reflect  .   (helmet restricted)
rElec    .         Harm     .   (no cloak)
rCorr    .         Rampage  .   (no gloves)
Will     .....                  (no boots)
Stlth    ++........             (no amulet)
HPRegen  0.09/turn              (no ring)
MPRegen  0.08/turn              (no ring)

@: slowed, very slow
A: AC +4, unfitting armour, cold-blooded
a: no special abilities


You were on level 1 of the Dungeon.
You visited 1 branch of the dungeon, and saw 1 of its levels.

You collected 72 gold pieces.

Inventory:

Hand Weapons
 a - a +0 mace (weapon)
Missiles
 b - 2 throwing nets (quivered)


   Skills:
 * Level 3.8 Fighting
 * Level 3.5 Maces & Flails
 - Level 2.6 Dodging
 * Level 2.0 Stealth


You had one spell level left.
You didn't know any spells.
Your spell library contained the following spells:

 Spells                   Type           Power      Damage    Failure   Level
 Magic Dart               Conj           0%         1d3       36%         1
 Searing Ray              Conj           0%         3d3       50%         2
 Dazzling Flash           Conj/Hex       0%         N/A       75%         3
 Fulminant Prism          Conj/Hex       0%         3d6       98%         4
 Iskenderun's Mystic Bla  Conj/Tloc      0%         2d3       98%         4


Dungeon Overview and Level Annotations

Branches:
Dungeon (1/15)

Altars:


Innate Abilities, Weirdness & Mutations

Your plain brown scales are hard. (AC +4)
You cannot fit into any form of body armour.
You are cold-blooded and may be slowed by cold attacks.


Message History

The endoplasm hits you. The endoplasm misses you.
Okay, then.
Welcome back, dduke234 the Draconian Monk.
Press ? for a list of commands and other information.
Unknown command.
Unknown command.
The endoplasm hits you but does no damage.
You feel yourself speed up. The endoplasm hits you. The endoplasm freezes you.
You are frozen.
The endoplasm freezes you.
You are frozen.
The endoplasm freezes you.
You are frozen.
You feel yourself slow down.
You feel yourself speed up.
The endoplasm hits you but does no damage.
The endoplasm jiggles.
The endoplasm hits you but does no damage.
The endoplasm freezes you.
You are frozen.
You feel yourself slow down. The endoplasm freezes you.
You are frozen.
* * * LOW HITPOINT WARNING * * *
You feel as though you will be slow longer.
The endoplasm misses you. The endoplasm barely misses you.
The endoplasm misses you. x2
The endoplasm misses you. The endoplasm completely misses you.
The endoplasm freezes you.
You are frozen.
* * * LOW HITPOINT WARNING * * *
You feel as though you will be slow longer.
The endoplasm hits you.
* * * LOW HITPOINT WARNING * * *
The endoplasm closely misses you. The endoplasm freezes you.
You are frozen.
You die... #.#.#... .P. ......... ... .#.#.)...
P.P

#.#..... ###### ........
#.#..# #.#..... #.#..#
#.#..... #.#J.# ......
##.#@.# .#..... ######...###
## .........#################
#######.##...#..P#........
##P. #..#...#...#........ P..
#..#...#.P.#........
##########..#...#####...#####
#...........#...........#...#
#######.#.###...........#..P#


You could see an endoplasm.

Vanquished Creatures
  2 ball pythons (D:1)
  3 bats (D:1)
  3 endoplasms (D:1)
  A giant cockroach (D:1)
  3 goblins (D:1)
  A hobgoblin (D:1)
  2 jackals (D:1)
  A quokka (D:1)
  2 kobolds (D:1)
  3 rats (D:1)
21 creatures vanquished.

Notes
Turn   | Place    | Note
-------+----------+-------------------------------------------
     0 | D:1      | dduke234 the Draconian Monk began the quest for the Orb.
     0 | D:1      | Reached XP level 1. HP: 19/19 MP: 1/1
   221 | D:1      | Reached XP level 2. HP: 23/26 MP: 2/2
  1047 | D:1      | Frozen to death by an endoplasm

Illustrated notes

Levels and vault maps discovered:
D:1:      co_arrival_random_square_maze, layout_basic, serial_aquarium,
          aquarium_bridge_square [aquarium_subvault_window,
          aquarium_subvault_bridge, aquarium_subvault_wall,
          aquarium_subvault_window], aquarium_window_corridor_1,
          aquarium_window_1, aquarium_view_4, aquarium_pool_S

Skill      XL: |  1  2 |
---------------+-------+-----
Stealth        | 2 |  2.0
Fighting       | |  3.8
Maces & Flails | |  3.5
Dodging        | |  2.6

Action                   || total
-------------------------++-------
Melee: Mace              ||    58
       Tailslap          ||     7
  Use: Scroll            ||     2
       Potion            ||     2
 Stab: Sleeping          ||     4
Armor: Skin              ||    27
Dodge: Dodged            ||    57

Table legend: (Time is in decaauts)
 A = Elapsed time spent in this place.
 B = Non-inter-level travel time spent in this place.
 C = Inter-level travel time spent in this place.
 D = Time resting spent in this place.
 E = Time spent auto-exploring this place.
 F = Levels seen in this place.
 G = Mean time per level.
                   A        B        C        D        E       F      G
               +--------+--------+--------+--------+--------+-----+--------+
         Total |   1066 |   1066 |      0 |      0 |    888 |   1 | 1066.0 |
       Dungeon |   1066 |   1066 |      0 |      0 |    888 |   1 | 1066.0 |
               +--------+--------+--------+--------+--------+-----+--------+

Top non-repeatable levels by time:
     D:1: 1066 daAuts
